 Dungeon Crawl Stone Soup version 0.27.1 (webtiles) character file.

Game seed: 2391406151314742799

2280 funkygono the Firebug (level 9, -3/46 HPs)
             Began as a Gargoyle Fire Elementalist on Aug 25, 2021.
             Was a Follower of Vehumet.
             Killed by divine providence
             ... invoked by an orc priest
              (15 damage)
             ... on level 6 of the Dungeon.
             The game lasted 00:13:10 (7228 turns).

funkygono the Firebug (Gargoyle Fire Elementalist)  Turns: 7228, Time: 00:13:10

Health: -3/46      AC: 12    Str: 17    XL:     9   Next: 39%
Magic:  14/19      EV: 12    Int: 28    God:    Vehumet [*.....]
Gold:   276        SH:  0    Dex: 10    Spells: 8/21 levels left

rFire    . . .     SeeInvis .   s - +10 whip "Coopiwea" {vamp, rElec rC- Str+4 Int+4}
rCold    x . .     Faith    .   (no shield)
rNeg     + . .     Spirit   .   a - +1 robe
rPois    ∞         Reflect  .   (no helmet)
rElec    +         Harm     .   o - +0 cloak
rCorr    +         Rampage  .   c - +1 pair of gloves
Will     .....                  (no boots)
Stlth    ++........             (no amulet)
HPRegen  0.15/turn              j - ring of resist corrosion
MPRegen  0.16/turn              n - +6 ring of intelligence

@: no status effects
A: sickness immunity, AC +6, negative energy resistance 1, electricity
resistance, torment resistance 1, petrification resistance
a: Renounce Religion


You were on level 6 of the Dungeon.
You worshipped Vehumet.
Vehumet was aware of your devotion.
You visited 2 branches of the dungeon, and saw 7 of its levels.

You collected 276 gold pieces.

Inventory:

Hand Weapons
 f - a +1 club
 l - a +0 flail
 s - the +10 whip "Coopiwea" (weapon) {vamp, rElec rC- Str+4 Int+4}
   (You found it on level 5 of the Dungeon)

   It occasionally heals its wielder for a portion of the damage dealt when it
   wounds a living foe.
   Str:       It affects your strength (+4).
   Int:       It affects your intelligence (+4).
   rC:        It makes you vulnerable to cold.
   rElec:     It insulates you from electricity.
 v - the +7 morningstar "Qomumopris" {freeze, rPois rCorr Int-5 Dex+8}
   (You found it on level 6 of the Dungeon)

   It freezes those it strikes, dealing additional cold damage.
   It can also slow down cold-blooded creatures.
   Int:       It affects your intelligence (-5).
   Dex:       It affects your dexterity (+8).
   rPois:     It protects you from poison.
   rCorr:     It protects you from acid and corrosion.
 w - a +2 vorpal flail
Missiles
 b - 249 stones
Armour
 a - a +1 robe (worn)
 c - a +1 pair of gloves (worn)
 h - a +0 leather armour
 o - a +0 cloak (worn)
 x - a +2 leather armour of poison resistance
Magical Staves
 m - a staff of conjuration
Jewellery
 e - a ring of ice
 j - a ring of resist corrosion (left hand)
 n - a +6 ring of intelligence (right hand)
Wands
 d - a wand of flame (42) (quivered)
 q - a wand of digging (5)
 u - a wand of paralysis (10)
Scrolls
 t - 2 scrolls of identify
 y - 3 scrolls of amnesia
Potions
 g - 3 potions of brilliance
 i - 2 potions of mutation
 k - a potion of flight {unknown}
 p - 2 potions of curing
 r - 3 potions of degeneration {unknown}


   Skills:
 + Level 0.7 Fighting
 + Level 1.1 Maces & Flails
 + Level 2.3 Dodging
 - Level 2.1 Stealth
 * Level 6.8 Spellcasting
 * Level 7.2 Conjurations
 * Level 7.6 Fire Magic


You had 8 spell levels left.
You knew the following spells:

 Your Spells              Type           Power      Damage    Failure   Level
a - Foxfire               Conj/Fire      100%       2x1d9     1%          1
b - Conjure Flame         Conj/Fire      50%        6-21      1%          3
c - Sticky Flame          Conj/Fire      50%        2d7       2%          4
d - Fireball              Conj/Fire      25%        3d11      8%          5

Your spell library contained the following spells:

 Spells                   Type           Power      Damage    Failure   Level
 Sandblast                Erth           18%        2d7       5%          1
 Inner Flame              Hex/Fire       30%        N/A       3%          3
 Animate Skeleton         Necr           18%        N/A       5%          1
 Corona                   Hex            10%        N/A       5%          1
 Pain                     Necr           36%        1d5       5%          1
 Ensorcelled Hibernation  Hex/Ice        18%        N/A       9%          2
 Tukima's Dance           Hex            9%         N/A       17%         3
 Vampiric Draining        Necr           4%         2d6       17%         3


Dungeon Overview and Level Annotations

Branches:
Dungeon (6/15)             Temple (1/1) D:5

Altars:
Cheibriados
Dithmenos
Elyvilon
Fedhas
Gozag
Hepliaklqana
Kikubaaqudgha
Makhleb
Nemelex Xobeh
Okawaru
Sif Muna
Trog
Uskayaw
Vehumet
Wu Jian
Xom
Yredelemnul
Zin
The Shining One

Shops:
D:4 **


Innate Abilities, Weirdness & Mutations

You are immune to sickness and miasma.
Your stone body is resilient. (AC +6)
You are immune to poison.
You resist negative energy. (rN+)
You are resistant to electric shocks. (rElec)
You are resistant to unholy torment.
You are immune to petrification.


Message History

Your will is overpowered!
You are more confused.
The now-empty wand crumbles to dust.
You're too confused to cast spells.
Unknown command.
Unknown command.
Okay, then.
You bump into the rock wall.
The orc priest closely misses you.
The orc warrior hits you with a +0 long sword.
The orc priest hits you but does no damage.
The orc warrior misses you.
You're too confused to move!
The orc priest hits you with a +0 hand axe.
The orc warrior hits you but does no damage.
The orc warrior barely misses you.
You bump into the rock wall.
The orc warrior hits you but does no damage.
The orc priest hits you but does no damage.
The orc priest calls down the wrath of Beogh upon you.
You struggle to resist.
The orc warrior hits you with a +0 long sword.
You bump into the rock wall.
The orc warrior hits you with a +0 long sword!
You feel less confused.
Casting: Sticky Flame (dangerous; 2% risk of failure)
Confirm with . or Enter, or press ? or * to list all spells.
Okay, then.
Casting: Sticky Flame (dangerous; 2% risk of failure)
Confirm with . or Enter, or press ? or * to list all spells.
Aiming: Sticky Flame (dangerous; 2% risk of failure)
Press: ? - help, Shift-Dir - straight line, f - orc priest, p - orc warrior
Aim: an orc priest, wielding a +0 hand axe (lightly wounded, 100% to hit)
The sticky flame hits the orc priest.
The orc priest is heavily wounded.
The orc priest is covered in liquid flames!
The orc priest burns!
The orc warrior hits you with a +0 long sword!
* * * LOW HITPOINT WARNING * * *
The orc priest invokes the aid of Beogh against you.
Beogh smites you!
You die...

.....o..v#..##.....#)#.#÷.....##.
.......(.#..'......#'#.#...P.÷##.
........(#..'..).....#.#......##.
.........#..'........#.#...÷..##.
.........#.)##.......#.#.÷÷...##.
≈#.......#.)###......##.......##.
≈#.).....#..############......##.
≈##'###..#...####### #########.
≈≈#)###..#.#...o@..#############.
≈≈#>.....#.....o....>............
≈≈#####.##############......#####
#≈# #.# #......#<... #.#
#......##### ###'####### #......#
#.......^.# #......# #.........#
#......# #.........# #......#


You could see an orc warrior and an orc priest (burning).

Vanquished Creatures
  2 slime creatures (D:6)
  A shadow (D:6)
  A yak (D:5)
  Edmund (D:6)
  A water moccasin (D:5)
  2 ice beasts
  A black bear (D:4)
  A necrophage (D:5)
  2 ogres
  A kobold brigand (D:6)
  A wyvern skeleton (D:6)
  A howler monkey (D:5)
  4 jellies (D:6)
  2 bullfrog zombies
  3 hounds
  3 iguanas
  5 orc wizards
  A hound zombie (D:5)
  2 hound skeletons
  A howler monkey skeleton (D:5)
  7 adders
  A white imp (D:6)
  A dart slug (D:2)
  11 orcs
  11 endoplasms
  4 giant cockroaches
  2 goblins
  7 hobgoblins
  9 jackals
  2 quokkas
  11 ball pythons
  8 bats
  2 frilled lizards
  10 kobolds
  6 rats
128 creatures vanquished.

Vanquished Creatures (others)
  518 foxfires
  7 fungi (D:6)
  7 toadstools (D:6)
532 creatures vanquished.

Grand Total: 660 creatures vanquished

Notes
Turn   | Place    | Note
-------+----------+-------------------------------------------
     0 | D:1      | funkygono the Gargoyle Fire Elementalist began the quest
                  | for the Orb.
     0 | D:1      | Reached XP level 1. HP: 10/10 MP: 3/3
   458 | D:1      | Reached XP level 2. HP: 13/15 MP: 1/5
  1363 | D:2      | Reached XP level 3. HP: 19/19 MP: 3/6
  1367 | D:2      | Learned a level 3 spell: Conjure Flame
  1779 | D:2      | Noticed an ogre
  1784 | D:2      | Killed an ogre
  1785 | D:2      | Reached XP level 4. HP: 24/24 MP: 1/9
  1785 | D:2      | Reached XP level 5. HP: 28/28 MP: 1/10
  1862 | D:2      | Learned a level 4 spell: Sticky Flame
  1876 | D:2      | Found a shimmering altar of Xom.
  2012 | D:2      | Found a faded altar of an unknown god.
  2321 | D:3      | Found a shimmering blue altar of Sif Muna.
  2536 | D:3      | Reached XP level 6. HP: 32/32 MP: 7/11
  3241 | D:4      | Found a snail-covered altar of Cheibriados.
  3261 | D:4      | Found a white marble altar of Elyvilon.
  3349 | D:4      | Noticed a black bear
  3357 | D:4      | Killed a black bear
  3588 | D:4      | Found Akhuaf's General Store.
  3590 | D:4      | Found Ubidec's Specific Store.
  4060 | D:4      | Reached XP level 7. HP: 36/36 MP: 10/13
  4115 | D:4      | Found an iron altar of Okawaru.
  4147 | D:4      | Learned a level 5 spell: Fireball
  4204 | D:5      | Entered Level 5 of the Dungeon
  4245 | D:5      | Reached skill level 5 in Fire Magic
  4377 | D:5      | Found a staircase to the Ecumenical Temple.
  4387 | Temple   | Entered the Ecumenical Temple
  4423 | Temple   | Became a worshipper of Vehumet
  4663 | D:5      | Noticed a yak
  4699 | D:5      | Killed a yak
  4700 | D:5      | Reached skill level 5 in Conjurations
  4817 | D:5      | Reached skill level 5 in Spellcasting
  4906 | D:5      | Reached XP level 8. HP: 41/41 MP: 6/16
  5126 | D:5      | Identified the +10 whip "Coopiwea" {vamp, rElec rC- Str+4
                  | Int+4}
  5583 | D:6      | Identified the +7 morningstar "Qomumopris" {freeze, rPois
                  | rCorr Int-5 Dex+8}
  6033 | D:6      | Noticed a shadow
  6049 | D:6      | Killed a shadow
  6152 | D:6      | Noticed Edmund
  6166 | D:6      | Killed Edmund
  6272 | D:6      | Reached XP level 9. HP: 46/46 MP: 14/18
  6311 | D:6      | Reached skill level 1 in Maces & Flails
  6450 | D:6      | Reached * piety under Vehumet
  6450 | D:6      | Offered knowledge of Sandblast by Vehumet.
  7228 | D:6      | Killed from afar by an orc priest

Illustrated notes

Levels and vault maps discovered:
D:1:      minmay_arrival_nine_rooms, layout_basic, palyth_stone_intersect
D:2:      layout_rooms, hellmonk_ecumenical_altar_run_dry, basic_altar,
          minmay_box_of_dots
D:3:      layout_basic, led_sif_book
D:4:      layout_basic, nicolae_overflow_hidden_temple,
          nicolae_elyvilon_peaceful_grove, mainiacjoe_overflow_paths,
          hangedman_glass_teeth, nicolae_specific_store
D:5:      layout_cave_pools, minmay_temple_entry_junction_2,
          kennysheep_generic_room_12
D:6:      cheibrodos_fertilizer, layout_basic, serial_rivers,
          chequers_serial_rivers_large_b, chequers_serial_rivers_micro_d,
          chequers_serial_rivers_micro_a, chequers_serial_rivers_small_b,
          chequers_serial_rivers_micro_a, kennysheep_generic_room_7, uniq_edmund
Temple:   regret_index_temple_waves

Skill      XL: |  1  2  3  4  5  6  7  8  9 |
---------------+----------------------------+-----
Spellcasting   | 3 4 5 6 |  6.8
Conjurations   | 2 3 4 5 6 7 |  7.2
Fire Magic     | 4 5 6 7 |  7.6
Dodging        | 2 |  2.3
Maces & Flails | 1 |  1.1
Fighting       | |  0.7
Stealth        | |  2.1

Action                   |  1- 3 |  4- 6 |  7- 9 || total
-------------------------+-------+-------+-------++-------
Melee: Club              |     2 |    17 |     2 ||    21
       Whip              |       |       |    17 ||    17
       Flail             |       |       |     3 ||     3
 Cast: Foxfire           |    66 |    67 |   164 ||   297
       Sticky Flame      |       |       |     3 ||     3
  Use: Scroll            |     3 |     6 |     4 ||    13
       Potion            |       |       |     1 ||     1
Armor: Robe              |    19 |    26 |    21 ||    66
Dodge: Dodged            |    18 |    26 |    31 ||    75
